 Dungeon Crawl Stone Soup version 0.27.1-34-g3ba077fa99 (webtiles) character file.

Game seed: 14278810788680494818

114 fishdoom the Chopper (level 4, -8/40 HPs)
             Began as a Hill Orc Fighter on Jan 21, 2022.
             Mangled by a black bear (11 damage)
             ... on level 3 of the Dungeon.
             The game lasted 00:12:27 (2329 turns).

fishdoom the Chopper (Hill Orc Fighter)             Turns: 2329, Time: 00:12:27

Health: -8/40      AC: 10    Str: 19    XL:     4   Next: 98%
Magic:  4/4        EV:  7    Int:  8    God:
Gold:   86         SH:  9    Dex: 10    Spells: 3/3 levels left

rFire    . . .     SeeInvis .   a - +0 war axe
rCold    . . .     Faith    .   c - +0 kite shield
rNeg     . . .     Spirit   .   b - +0 scale mail
rPois    .         Reflect  .   k - +0 helmet
rElec    .         Harm     .   h - +0 cloak
rCorr    .         Rampage  .   i - +0 pair of gloves
Will     +....                  (no boots)
Stlth    ..........             (no amulet)
HPRegen  0.13/turn              m - ring of willpower
MPRegen  0.09/turn              (no ring)

@: mighty
A: no striking features
a: no special abilities


You were on level 3 of the Dungeon.
You visited 1 branch of the dungeon, and saw 3 of its levels.

You collected 86 gold pieces.

Inventory:

Hand Weapons
 a - a +0 war axe (weapon)
Armour
 b - a +0 scale mail (worn)
 c - a +0 kite shield (worn)
 h - a +0 cloak (worn)
 i - a +0 pair of gloves (worn)
 k - a +0 helmet (worn)
 o - a scarf of invisibility
Jewellery
 m - a ring of willpower (left hand)
Wands
 g - a wand of iceblast (7)
Scrolls
 e - a scroll of enchant armour
 j - a scroll of blinking
 p - a scroll of fog {unknown}
 r - a scroll of noise {unknown}
 t - a scroll of magic mapping {unknown}
Potions
 d - a potion of might
 f - a potion of haste
 l - a potion of flight
 n - a potion of ambrosia
 s - a potion of curing
 u - a potion of brilliance


   Skills:
 - Level 3.7 Fighting
 * Level 6.4 Axes
 - Level 3.3 Armour
 - Level 3.3 Shields


You had 3 spell levels left.
You didn't know any spells.
Your spell library contained the following spells:

 Spells                   Type           Power      Damage    Failure   Level
 Summon Small Mammal      Summ           0%         N/A       99%         1
 Call Canine Familiar     Summ           0%         N/A       100%        3
 Ozocubu's Armour         Ice            0%         N/A       100%        3
 Summon Guardian Golem    Hex/Summ       0%         N/A       100%        3
 Animate Dead             Necr           0%         N/A       100%        4
 Metabolic Englaciation   Hex/Ice        0%         N/A       100%        5
 Simulacrum               Ice/Necr       0%         N/A       100%        6
 Haunt                    Necr/Summ      0%         N/A       100%        7
 Infestation              Necr           0%         N/A       100%        8


Dungeon Overview and Level Annotations

Branches:
Dungeon (3/15)

Altars:


Message History

The black bear claws you but does no damage.
The black bear barely misses you. You block the black bear's attack. x2
The black bear claws you but does no damage.
You slash the black bear!
The black bear is moderately wounded.
The black bear bites you.
The black bear claws you but does no damage. x2
You barely miss the black bear.
The black bear is moderately wounded.
The black bear bites you but does no damage.
The black bear claws you but does no damage. x2
You hit the black bear.
The black bear is heavily wounded.
You block the black bear's attack.
The black bear claws you but does no damage. x2
You block the black bear's attack. The black bear claws you. x2
You hit the black bear.
The black bear is heavily wounded.
The black bear bites you.
The black bear claws you but does no damage.
The black bear barely misses you.
You feel very mighty all of a sudden. The black bear bites you.
* * * LOW HITPOINT WARNING * * *
The black bear closely misses you. The black bear completely misses you.
You hit the black bear.
The black bear is severely wounded.
You block the black bear's attack. x2
The black bear claws you but does no damage.
The black bear bites you!
* * * LOW HITPOINT WARNING * * *
You block the black bear's attack.
The black bear claws you but does no damage.
You hit the black bear.
The black bear is severely wounded.
The black bear goes berserk!
You barely miss the black bear.
The black bear is severely wounded.
The black bear bites you!
You die...

.................................
......##.#.....#.#...............
....†.##'#.....#.#...............
...............#.................
#.#............#..............###
#.####............^...#.#####.# #
#.# #.......#.#.##.........#.# #
..####..............#.#.##.##.###
................@...............#
..####..........h..............##
...............................##
...........#.#.#...#...........##
.............#.#...#........#...)
...........#####...#........##.##
#.......#.#.. .............##.##
........#.#.. ####.#........#.##
........#.# ## #...#.#.##.##


You could see a black bear (berserk).

Vanquished Creatures
  An orc wizard (D:3)
  A killer bee zombie (D:3)
  2 adders
  A worm (D:3)
  2 dart slugs (D:1)
  4 orcs (D:3)
  5 bats
  3 endoplasms
  A giant cockroach (D:1)
  3 hobgoblins
  3 kobolds
  2 quokkas (D:3)
  3 ball pythons (D:2)
  A frilled lizard (D:2)
  5 goblins
  5 rats
42 creatures vanquished.

Notes
Turn   | Place    | Note
-------+----------+-------------------------------------------
     0 | D:1      | fishdoom the Hill Orc Fighter began the quest for the Orb.
     0 | D:1      | Reached XP level 1. HP: 19/19 MP: 1/1
     2 | D:1      | Noticed a barachi
     4 | D:1      | Noticed a naga
     4 | D:1      | Noticed a felid
     6 | D:1      | Noticed a ghoul
     8 | D:1      | Noticed a troll
    10 | D:1      | Noticed a dwarf
    10 | D:1      | Noticed a gargoyle
    12 | D:1      | Noticed an ogre
    12 | D:1      | Noticed a formicid
    14 | D:1      | Noticed a spriggan
    14 | D:1      | Noticed a merfolk
    16 | D:1      | Noticed a draconian
    16 | D:1      | Noticed a vampire
    19 | D:1      | Noticed an elf
    19 | D:1      | Noticed an octopode
    21 | D:1      | Noticed a vine stalker
    21 | D:1      | Noticed a demonspawn
    23 | D:1      | Noticed a human
    23 | D:1      | Noticed a demigod
    25 | D:1      | Noticed a palentonga
    25 | D:1      | Noticed a djinni
    27 | D:1      | Noticed a minotaur
    27 | D:1      | Noticed a tengu
   217 | D:1      | Reached skill level 3 in Axes
   217 | D:1      | Reached XP level 2. HP: 27/27 MP: 2/2
   535 | D:2      | Found a faded altar of an unknown god.
   819 | D:2      | Reached skill level 4 in Axes
   927 | D:2      | Reached XP level 3. HP: 33/33 MP: 3/3
  1630 | D:3      | Reached skill level 5 in Axes
  1630 | D:3      | Reached XP level 4. HP: 14/40 MP: 4/4
  2176 | D:3      | Reached skill level 6 in Axes
  2316 | D:3      | Noticed a black bear
  2329 | D:3      | Mangled by a black bear

Illustrated notes

Levels and vault maps discovered:
D:1:      kb_arrival_jail, layout_basic
D:2:      layout_loops_corners, chequers_ecumenical_altar_simple,
          kennysheep_generic_room_2
D:3:      layout_basic

Skill      XL: |  1  2  3  4 |
---------------+-------------+-----
Axes           | 3 4 5 6 |  6.4
Fighting       | |  3.7
Armour         | |  3.3
Shields        | |  3.3

Action                   |  1- 3 |  4- 6 || total
-------------------------+-------+-------++-------
Melee: War axe           |   102 |    59 ||   161
  Use: Scroll            |       |     9 ||     9
       Potion            |       |     1 ||     1
Armor: Scale mail        |    60 |    33 ||    93
Dodge: Dodged            |    39 |    19 ||    58
Block: Kite shield       |    52 |    25 ||    77
